 Dungeon Crawl Stone Soup version 0.23.2-33-g5129a83184 (webtiles) character file.

Game seed: 2629301625392414795

200 Exodus22XD the Conjurer (level 5, 0/35 HPs)
             Began as a Mummy Conjurer on July 1, 2019.
             Slain by an orc
             ... wielding a +0 whip
              (4 damage)
             ... on level 4 of the Dungeon.
             The game lasted 00:11:59 (3167 turns).

Exodus22XD the Conjurer (Mummy Conjurer)            Turns: 3167, Time: 00:11:59

Health: 0/35       AC:  3    Str: 11    XL:     5   Next: 49%
Magic:  5/12       EV: 12    Int: 16    God:
Gold:   111        SH:  0    Dex: 12    Spells: 10/13 levels left

rFire    x . .     SeeInvis .   b - +0 short sword
rCold    + . .     Gourm    .   (no shield)
rNeg     + + +     Faith    .   a - +0 robe
rPois    ∞         Spirit   .   (no helmet)
rElec    .         Reflect  .   (no cloak)
rCorr    .         Harm     .   h - +0 pair of gloves (curse)
MR       .....                  (no boots)
Stlth    ++........             (no amulet)
HPRegen  0.11/turn              (no ring)
MPRegen  0.13/turn              (no ring)

@: no status effects
A: no food or potions, fire vulnerability, cold resistance 1, negative energy
resistance 3, torment resistance, unbreathing
a: no special abilities


You were on level 4 of the Dungeon.
You were not hungry.

You visited 1 branch of the dungeon, and saw 4 of its levels.

You collected 111 gold pieces.

Inventory:

Hand Weapons
 b - a +0 short sword (weapon)
Armour
 a - a +0 robe (worn)
 h - a cursed +0 pair of gloves (worn)
Wands
 f - a wand of random effects (29)
Scrolls
 c - a scroll of enchant armour {unknown}
 d - a scroll of identify
 e - a scroll of random uselessness {unknown}
 g - a scroll of magic mapping {unknown}
 i - a scroll of fear {unknown}
 j - a scroll of amnesia {unknown}
 k - 2 scrolls of teleportation


   Skills:
 - Level 1.5 Dodging
 - Level 1.5 Stealth
 - Level 4.7 Spellcasting
 + Level 4.9 Conjurations


You had 10 spell levels left.
You knew the following spells:

 Your Spells              Type           Power        Failure   Level  Hunger
a - Magic Dart            Conj           ###.         1%          1    N/A
b - Searing Ray           Conj           ###...       3%          2    N/A

Your spell library contained the following spells:

 Spells                   Type           Power        Failure   Level  Hunger
 Dazzling Spray           Conj/Hex       ##....       17%         3    N/A
 Iskenderun's Mystic Bla  Conj           ###.....     21%         4    N/A
 Force Lance              Conj/Tloc      ##......     50%         4    N/A
 Fulminant Prism          Conj/Hex       ##........   50%         4    N/A

Dungeon Overview and Level Annotations

Branches:
Dungeon (4/15)
 Temple: D:4-7

Altars:
Ashenzari
Makhleb
Trog
The Shining One

Annotations:
D:2 Sigmund


Innate Abilities, Weirdness & Mutations

You do not eat or drink.
Your flesh is vulnerable to fire.
You are immune to poison.
Your flesh is cold resistant. (rC+)
You are immune to negative energy. (rN+++)
You are immune to unholy pain and torment.
You can survive without breathing.


Message History

The orc barely misses you. The orc hits you with a +0 whip.
* * * LOW HITPOINT WARNING * * *
Something hits you but does no damage. The orc barely misses you.
You hit the orc.
The orc is severely wounded.
The orc misses you. Something hits you.
* * * LOW HITPOINT WARNING * * *
The orc barely misses you.
You hit the orc.
You kill the orc!
The orc barely misses you. Something hits you but does no damage.
You hit the orc.
The orc is heavily wounded.
The orc hits you with a +0 whip.
* * * LOW HITPOINT WARNING * * *
Something hits you but does no damage.
You barely miss the orc.
The orc is heavily wounded.
The orc hits you with a +0 whip.
You die...

#.# #. #.#
## . #) #.#
#. .. #. #.#
#.
...###.###.#
#.
#......##.#
#.
#.#.....##.#
#.
##....{)o..#
#.
.......@####
#######.
>.$.....#
#.......
.#.######
#.###### #
##########.#
.......<...#
############


You could see an orc.

Vanquished Creatures
  An orc wizard (D:4)
  A hound (D:2)
  Jessica (D:2)
  Ijyb (D:3)
  2 adders (D:2)
  2 dart slugs
  4 leopard geckos
  2 orcs (D:4)
  A ball python (D:2)
  3 giant cockroaches
  8 hobgoblins
  8 jackals
  8 kobolds
  A quokka (D:2)
  3 bats
  4 frilled lizards
  3 goblins
  7 rats
60 creatures vanquished.

Notes
Turn   | Place    | Note
-------+----------+-------------------------------------------
     0 | D:1      | Exodus22XD the Mummy Conjurer began the quest for the Orb.
     0 | D:1      | Reached XP level 1. HP: 13/13 MP: 4/4
   248 | D:1      | Reached XP level 2. HP: 18/19 MP: 0/6
   829 | D:2      | Reached XP level 3. HP: 21/24 MP: 1/9
  1335 | D:2      | Found a glowing golden altar of the Shining One.
  1346 | D:2      | Noticed Sigmund
  1477 | D:2      | Found a faded altar of an unknown god.
  1505 | D:2      | Noticed Jessica
  1510 | D:2      | Killed Jessica
  1510 | D:2      | Reached XP level 4. HP: 24/30 MP: 4/10
  2501 | D:2      | Found a burning altar of Makhleb.
  2575 | D:3      | Noticed Ijyb
  2583 | D:3      | Learned a level 2 spell: Searing Ray
  2597 | D:3      | Killed Ijyb
  2597 | D:3      | Reached XP level 5. HP: 31/35 MP: 2/12
  2898 | D:3      | Found a shattered altar of Ashenzari.
  2898 | D:3      | Found a bloodstained altar of Trog.
  3167 | D:4      | Slain by an orc

Skill      XL: |  1  2  3  4 |
---------------+-------------+-----
Spellcasting   | 3 4 |  4.7
Conjurations   | 4 |  4.9
Dodging        | |  1.5
Stealth        | |  1.5

Action                   |  1- 3 |  4- 6 || total
-------------------------+-------+-------++-------
Melee: Short sword       |    25 |    17 ||    42
       Unarmed           |     1 |       ||     1
 Cast: Magic Dart        |    93 |    61 ||   154
       Searing Ray       |       |     2 ||     2
  Use: Scroll            |       |     1 ||     1
 Stab: Sleeping          |       |     1 ||     1
Armor: Robe              |     6 |     6 ||    12
Dodge: Dodged            |    29 |    30 ||    59
